Map: Dusk Towers

Players

MCanning - Winner!

  • Race: Protoss Protoss
  • League: Master

brent

  • Race: Terran Terran
  • League: Master

VOD

Have the link to the VOD?

Description

Time

  • Played on: Feb. 5, 2016, 1:47 a.m.
  • Length: 10:34
Show
View Real Time Build Order
Export as new Build Order

MCanning Protoss - Winner!

Build Orders: 1 Gate Expand, Blink Stalkers 

Get SALT Encoding   

  12  0:01  Probe (Chrono Boost)  
  13  0:12  Probe (Chrono Boost)  
  14  0:18  Pylon  
  14  0:22  Probe (Chrono Boost)  
  15  0:36  Probe (Chrono Boost)  
  15  0:42  Gateway  
  16  0:46  Probe (Chrono Boost)  
  17  0:52  Assimilator  
  18  0:57  Probe (Chrono Boost)  
  18  1:07  Probe (Chrono Boost)  
  19  1:19  Nexus  
  19  1:29  Cybernetics Core  
  19  1:33  Probe (Chrono Boost)  
  19  1:38  Assimilator  
  20  1:43  Probe (Chrono Boost)  
  22  1:54  Probe (Chrono Boost)  
  22  1:55  Pylon  
  22  2:05  Probe (Chrono Boost)  
  23  2:13  Adept (Chrono Boost)  
  27  2:15  Mothership Core (Chrono Boost)  
  27  2:20  Warp Gate (Chrono Boost)  
  26  2:32  Probe  
  26  2:34  Pylon, Probe  
  28  2:42  Probe  
  29  2:45  Twilight Council  
  29  2:46  Probe (Chrono Boost)  
  30  2:54  Probe (Chrono Boost)  
  30  2:58  Probe (Chrono Boost)  
  32  3:01  Sentry  
  32  3:05  Probe (Chrono Boost)  
  35  3:08  Probe (Chrono Boost)  
  36  3:15  Probe (Chrono Boost)  
  36  3:19  Probe (Chrono Boost)  
  38  3:20  Gateway  
  38  3:22  Gateway  
  38  3:28  Blink (Chrono Boost)  
  38  3:31  Probe  
  38  3:32  Probe  
  40  3:43  Probe  
  41  3:49  Probe  
  41  3:53  Robotics Facility  
  41  3:55  Probe  
  43  3:59  Pylon, Probe  
  44  4:07  Probe  
  45  4:10  Probe  
  45  4:15  Pylon, Assimilator  
  44  4:19  Probe, Assimilator  
  44  4:21  Probe  
  46  4:25  Pylon  
  46  4:30  Gateway, Sentry  
  48  4:31  Probe  
  48  4:32  Stalker  
  48  4:33  Gateway  
  48  4:37  Stalker, Probe  
  53  4:43  Probe  
  53  4:45  Observer (Chrono Boost)  
  56  4:48  Probe  
  57  4:55  Probe  
  57  4:58  Nexus  
  58  5:02  Pylon  
  58  5:05  Pylon  
  58  5:06  Probe  
  59  5:10  Observer (Chrono Boost)  
  60  5:17  Robotics Bay, Probe  
  60  5:19  Probe  
  62  5:22  Stalker  
  64  5:29  Probe (Chrono Boost)  
  64  5:31  Probe (Chrono Boost)  
  64  5:32  Observer (Chrono Boost)  
  67  5:39  Pylon  
  67  5:40  Stalker  
  67  5:41  Probe (Chrono Boost)  
  71  5:42  Probe (Chrono Boost)  
  71  5:51  Pylon, Probe (Chrono Boost)  
  71  5:53  Probe (Chrono Boost)  
  73  6:00  Stalker x4  
  73  6:02  Probe x2 (Chrono Boost)  
  83  6:10  Colossus (Chrono Boost)  
  83  6:13  Probe x2  
  83  6:18  Charge (Chrono Boost)  
  91  6:22  Probe  
  91  6:25  Probe  
  93  6:29  Extended Thermal Lance (Chrono Boost)  
  93  6:33  Assimilator  
  93  6:37  Gateway, Assimilator  
  93  6:38  Gateway  
  93  6:44  Probe  
  93  6:45  Probe  
  95  6:49  Probe  
  95  6:52  Zealot x4  
  104  6:56  Probe  
  104  6:59  Pylon  
  105  7:02  Colossus (Chrono Boost)  
  111  7:13  Stalker  
  113  7:18  Probe  
  113  7:22  Forge  
  114  7:23  Pylon, Forge  
  114  7:25  Probe  
  114  7:27  Pylon  
  115  7:33  Probe  
  115  7:34  Probe  
  117  7:39  Pylon  
  117  7:46  Pylon  
  117  7:49  Protoss Ground Armor Level 1 (Chrono Boost), Colossus (Chrono Boost)  
  117  7:50  Protoss Ground Weapons Level 1 (Chrono Boost)  
  123  7:52  Pylon  
  123  8:01  Templar Archives  
  121  8:07  Probe  
  122  8:17  Probe  
  122  8:18  Nexus  
  123  8:20  Photon Cannon, Pylon  
  123  8:22  Photon Cannon, Pylon  
  123  8:24  Photon Cannon  
  123  8:26  Photon Cannon  
  123  8:29  Photon Cannon x2  
  123  8:33  Probe  
  124  8:34  Pylon  
  124  8:42  High Templar x3  
  124  8:43  Zealot, High Templar  
  124  8:44  Zealot x2, Colossus (Chrono Boost)  
  124  8:48  Probe  
  145  8:49  Archon x2  
  145  8:51  Probe  
  146  9:05  Zealot x3  
  146  9:08  Probe  
  146  9:09  Probe  
  154  9:13  Psionic Storm  
  154  9:14  Assimilator, Probe  
  154  9:16  High Templar x4  
  163  9:19  Assimilator  
  163  9:20  Archon x2  
  163  9:21  Pylon  
  163  9:23  Probe  
  164  9:32  Gateway  
  164  9:33  Gateway, Probe  
  164  9:34  Probe  
  172  9:44  Warp Prism  
  168  9:48  Zealot x2  
  168  9:49  Zealot x3  
  168  9:51  High Templar x2  
  182  10:10  Zealot x4  
  182  10:11  High Templar  
  182  10:32  Zealot x5  
Show
View Real Time Build Order
Export as new Build Order

brent Terran 

Build Orders: Cyclone Opening, MMM Bio 

Get SALT Encoding   

  12  0:03  SCV  
  13  0:15  SCV  
  13  0:19  Supply Depot  
  14  0:27  SCV  
  15  0:33  Refinery  
  15  0:41  SCV  
  16  0:45  Barracks  
  16  0:53  SCV  
  17  1:06  SCV  
  18  1:18  SCV  
  19  1:34  Orbital Command  
  19  1:36  Marine, Factory  
  20  1:43  Supply Depot  
  20  1:54  Marine  
  21  2:01  SCV  
  22  2:13  SCV  
  22  2:14  Marine  
  24  2:25  Factory Tech Lab  
  24  2:26  Command Center  
  24  2:27  SCV  
  25  2:32  Marine  
  25  2:33  Refinery  
  26  2:43  Supply Depot  
  26  2:44  SCV  
  26  2:47  Cyclone  
  30  2:56  SCV  
  30  2:58  Barracks Reactor  
  30  3:15  Barracks  
  30  3:17  SCV  
  31  3:29  Cyclone  
  31  3:31  SCV  
  35  3:35  Marine x2  
  35  3:39  Orbital Command  
  37  3:53  SCV  
  38  3:57  Marine x2  
  40  4:05  SCV  
  41  4:11  SCV  
  41  4:13  Engineering Bay  
  41  4:15  Factory Tech Lab  
  42  4:19  Marine x2  
  42  4:20  Marine  
  42  4:23  SCV  
  46  4:26  SCV  
  46  4:31  Stimpack  
  47  4:33  Supply Depot  
  47  4:38  SCV  
  48  4:41  SCV  
  48  4:44  Siege Tank  
  52  4:48  Marine  
  52  4:49  Marine  
  54  4:55  SCV  
  54  4:58  SCV, Supply Depot  
  56  5:02  Terran Infantry Weapons Level 1  
  56  5:05  Marine  
  57  5:12  SCV x2, Bunker  
  59  5:15  Marine x2  
  61  5:22  Supply Depot  
  61  5:25  SCV, Siege Tank  
  61  5:26  SCV  
  66  5:30  Supply Depot  
  66  5:31  Marine  
  67  5:38  Starport  
  67  5:39  SCV  
  67  5:40  SCV  
  69  5:48  Marine, Refinery  
  69  5:49  Marine  
  71  5:52  SCV  
  71  5:56  SCV  
  71  5:57  Marine  
  74  6:04  Barracks, SCV  
  74  6:07  Factory Reactor  
  75  6:15  SCV  
  75  6:16  SCV  
  75  6:17  Command Center  
  77  6:19  Marine x2  
  79  6:27  Barracks  
  79  6:29  Barracks, SCV x2  
  81  6:40  Marine x2  
  83  6:51  Refinery  
  83  6:52  Marauder, Factory Reactor  
  85  7:00  Supply Depot  
  85  7:06  Supply Depot  
  85  7:07  Supply Depot  
  85  7:12  Marine  
  85  7:13  Armory  
  86  7:16  Engineering Bay  
  86  7:20  Barracks Reactor  
  86  7:21  Marine, Barracks Tech Lab  
  86  7:22  Marauder x2  
  91  7:23  SCV x2, Terran Infantry Armor Level 1  
  91  7:26  Concussive Shells, Combat Shields  
  93  7:30  Marine  
  92  7:39  Marine  
  92  7:44  Medivac x2  
  95  7:46  Marauder x2  
  95  7:49  Marine  
  102  7:51  Supply Depot  
  102  7:54  Marauder  
  102  7:56  SCV  
  105  8:02  Orbital Command  
  104  8:12  Marauder x2  
  108  8:17  SCV  
  108  8:18  SCV  
  110  8:24  Marine x3, Marauder  
  110  8:25  Marine  
  116  8:30  SCV  
  117  8:35  Marauder x2  
  117  8:46  Marine x4, Barracks  
  117  8:47  Barracks, Marauder  
  123  8:49  Medivac x2  
  127  9:00  Marauder x2  
  130  9:06  Marine x3  
  130  9:07  SCV x2  
  132  9:15  Supply Depot  
  132  9:16  Supply Depot  
  132  9:20  Marine  
  133  9:30  Medivac x2, Marauder  
  139  9:33  Starport, Refinery x2  
  138  9:39  Barracks Tech Lab  
  138  9:40  Marauder, Barracks Reactor  
  138  9:42  Marine x2, Marauder  
  138  9:43  Marine x2  
  146  9:52  Marauder  
  148  10:05  Marine, Marauder x2  
  148  10:06  Marine x2, Marauder  
Tags
 
Add a new tag
Caveats
  • Supply blocks, unpowered buildings, or Contaminate may cause inaccurate times.
  • Supply counts are checked every 10 seconds.